Map: Berlingrad LE

Players

Lambo

  • Race: Zerg Zerg

DPGZest (Zest) - Winner!

  • Race: Protoss Protoss
  • League: Master

VOD

Have the link to the VOD?

Description

Time

  • Played on: Oct. 21, 2021, 8:46 a.m.
  • Length: 10:27
Show
View Real Time Build Order
Export as new Build Order

Lambo Zerg 

Build Orders: Hatch First 

Get SALT Encoding   

  12  0:00  Drone  
  13  0:13  Overlord  
  13  0:16  Drone  
  14  0:31  Drone x2  
  16  0:37  Drone  
  17  0:50  Hatchery  
  17  0:54  Drone  
  17  0:58  Drone  
  18  1:09  Extractor  
  17  1:13  Spawning Pool  
  17  1:16  Drone  
  17  1:19  Drone  
  18  1:28  Drone  
  19  1:39  Drone  
  20  1:51  Overlord  
  20  1:59  Queen  
  22  2:03  Queen  
  22  2:04  Drone, Zergling x2  
  26  2:11  Metabolic Boost  
  26  2:15  Drone  
  27  2:17  Drone  
  28  2:23  Drone  
  28  2:25  Drone  
  30  2:34  Drone  
  30  2:37  Hatchery  
  30  2:39  Drone  
  31  2:45  Overlord  
  31  2:47  Drone  
  32  2:52  Queen  
  32  2:55  Zergling x2  
  32  2:58  Drone  
  36  3:03  Queen  
  38  3:07  Drone  
  38  3:08  Overlord  
  39  3:14  Drone x3  
  39  3:16  Drone  
  39  3:18  Drone  
  44  3:22  Overlord  
  44  3:28  Zergling x4  
  44  3:30  Queen  
  44  3:32  Drone  
  49  3:35  Drone  
  52  3:43  Drone x2  
  52  3:49  Drone x4  
  52  3:50  Queen  
  58  3:58  Spore Crawler, Overlord  
  58  4:00  Drone x3  
  60  4:02  Overlord  
  60  4:04  Drone  
  60  4:08  Drone x2  
  63  4:10  Drone  
  63  4:15  Drone  
  63  4:16  Drone x2  
  65  4:18  Drone x2  
  65  4:21  Drone  
  67  4:25  Roach Warren  
  67  4:27  Extractor  
  67  4:28  Extractor  
  67  4:29  Queen  
  67  4:30  Drone  
  67  4:33  Spore Crawler  
  67  4:34  Drone  
  67  4:37  Spore Crawler  
  66  4:40  Overlord  
  66  4:43  Drone, Zergling x2  
  66  4:44  Zergling x2  
  69  4:49  Overlord  
  69  5:02  Overlord  
  69  5:06  Roach x8  
  85  5:13  Roach x2, Zergling x8  
  92  5:17  Zergling x2  
  92  5:20  Overlord  
  93  5:21  Queen  
  93  5:23  Overlord  
  93  5:24  Zergling x6  
  93  5:26  Ravager x2  
  100  5:31  Zergling x4  
  100  5:32  Zergling x2  
  101  5:39  Zergling x6  
  101  5:41  Ravager  
  102  5:44  Zergling x4  
  102  5:45  Zergling x2  
  101  5:52  Zergling x4  
  103  5:58  Zergling x8  
  103  6:03  Zergling x2  
  105  6:06  Ravager x3  
  105  6:07  Queen  
  105  6:08  Queen  
  105  6:09  Zergling x4  
  112  6:13  Drone  
  112  6:17  Drone, Lair  
  112  6:19  Extractor  
  112  6:20  Drone x3  
  112  6:23  Drone  
  112  6:25  Drone  
  112  6:31  Drone  
  111  6:33  Drone  
  111  6:39  Drone x2  
  111  6:43  Queen, Extractor  
  111  6:45  Extractor  
  113  6:50  Drone x5  
  113  6:53  Spore Crawler  
  113  6:54  Spore Crawler  
  115  6:55  Drone  
  115  6:58  Drone  
  115  7:01  Drone  
  113  7:03  Drone  
  113  7:07  Drone  
  102  7:19  Hydralisk Den  
  93  7:23  Drone  
  91  7:31  Infestation Pit  
  91  7:32  Queen, Evolution Chamber  
  91  7:33  Evolution Chamber, Hatchery  
  91  7:34  Overlord  
  91  7:35  Drone x2, Extractor  
  90  7:39  Drone x2  
  90  7:45  Drone  
  90  7:46  Glial Reconstitution  
  91  7:54  Hatchery  
  91  7:56  Hydralisk x4  
  98  8:04  Overlord  
  98  8:10  Hive  
  98  8:11  Zerg Missile Weapons Level 1, Zerg Ground Armor Level 1  
  96  8:16  Overlord  
  96  8:22  Queen  
  96  8:23  Extractor  
  96  8:24  Extractor  
  96  8:26  Overlord  
  96  8:27  Hydralisk  
  96  8:28  Extractor  
  96  8:34  Hydralisk x3  
  97  8:37  Drone x3  
  106  8:51  Hydralisk  
  106  8:53  Hatchery  
  106  8:55  Queen  
  105  8:57  Drone, Queen  
  105  8:58  Drone  
  109  9:05  Hydralisk x2  
  113  9:10  Grooved Spines  
  113  9:19  Overseer  
  113  9:22  Drone x6  
  113  9:23  Extractor  
  118  9:25  Viper  
  121  9:33  Overlord x2  
  121  9:39  Overlord  
  121  9:48  Overlord  
  121  9:49  Overlord  
  121  9:50  Viper x2, Queen  
  129  9:54  Viper  
  129  9:57  Hydralisk x2  
Show
View Real Time Build Order
Export as new Build Order

DPGZest Protoss - Winner!

Build Orders: 1 Gate Expand, Oracle Opening 

Get SALT Encoding   

  12  0:00  Probe  
  13  0:12  Probe  
  14  0:19  Pylon  
  14  0:24  Probe  
  15  0:37  Probe (Chrono Boost)  
  15  0:40  Gateway  
  16  0:47  Probe (Chrono Boost)  
  17  0:50  Assimilator  
  17  0:52  Probe (Chrono Boost)  
  18  1:03  Probe  
  19  1:15  Probe  
  20  1:26  Nexus  
  20  1:36  Cybernetics Core  
  20  1:40  Probe  
  20  1:45  Assimilator  
  21  1:52  Probe  
  22  1:55  Pylon  
  22  2:04  Probe (Chrono Boost)  
  23  2:13  Adept  
  23  2:15  Probe (Chrono Boost)  
  26  2:18  Stargate  
  26  2:20  Probe (Chrono Boost)  
  27  2:25  Warp Gate  
  27  2:32  Probe (Chrono Boost)  
  28  2:38  Probe (Chrono Boost)  
  30  2:44  Adept  
  30  2:48  Probe x2 (Chrono Boost)  
  33  2:53  Probe (Chrono Boost), Void Ray (Chrono Boost)  
  33  2:54  Probe  
  35  3:05  Probe  
  40  3:07  Probe  
  40  3:08  Pylon  
  41  3:15  Gateway  
  41  3:17  Probe  
  41  3:19  Probe  
  43  3:26  Oracle (Chrono Boost)  
  43  3:29  Probe  
  43  3:31  Probe  
  43  3:32  Pylon  
  48  3:41  Probe  
  48  3:43  Probe  
  50  3:53  Probe, Nexus  
  52  3:55  Probe  
  52  4:01  Assimilator  
  52  4:03  Assimilator  
  52  4:05  Probe  
  52  4:07  Probe  
  54  4:13  Void Ray  
  54  4:18  Probe (Chrono Boost)  
  54  4:20  Probe (Chrono Boost)  
  54  4:22  Pylon  
  60  4:30  Probe (Chrono Boost)  
  62  4:32  Probe (Chrono Boost)  
  62  4:35  Stargate, Protoss Air Weapons Level 1  
  62  4:39  Probe x2 (Chrono Boost), Pylon  
  62  4:43  Forge  
  64  4:48  Probe x2  
  66  4:57  Pylon  
  66  4:58  Void Ray (Chrono Boost)  
  66  5:00  Probe  
  66  5:01  Probe  
  72  5:10  Shield Battery  
  74  5:17  Photon Cannon  
  74  5:18  Photon Cannon  
  74  5:21  Void Ray (Chrono Boost), Photon Cannon  
  72  5:22  Shield Battery  
  72  5:23  Shield Battery  
  72  5:24  Shield Battery  
  72  5:26  Pylon  
  72  5:30  Void Ray (Chrono Boost)  
  76  5:41  Photon Cannon  
  80  5:48  Shield Battery  
  80  5:50  Void Ray (Chrono Boost)  
  82  6:00  Void Ray (Chrono Boost)  
  80  6:15  Shield Battery x2  
  76  6:20  Photon Cannon x2  
  76  6:22  Photon Cannon  
  76  6:23  Pylon  
  76  6:35  Shield Battery, Void Ray (Chrono Boost)  
  76  6:36  Void Ray (Chrono Boost)  
  82  6:49  Stalker x2  
  82  6:50  Pylon  
  84  7:10  Photon Cannon  
  85  7:16  Zealot x2  
  93  7:23  Pylon  
  93  7:28  Stargate  
  93  7:29  Fleet Beacon  
  84  7:47  Zealot x2  
  84  7:49  Probe x2  
  84  7:50  Pylon  
  90  7:52  Pylon  
  90  7:58  Nexus  
  90  8:00  Pylon  
  90  8:10  Pylon  
  90  8:16  Carrier (Chrono Boost)  
  102  8:24  Carrier (Chrono Boost)  
  108  8:33  Carrier (Chrono Boost)  
  108  8:36  Shield Battery, Photon Cannon  
  108  8:44  Photon Cannon  
  108  8:45  Shield Battery  
  108  9:08  Void Ray (Chrono Boost)  
  112  9:14  Void Ray x2 (Chrono Boost)  
  116  9:17  Flux Vanes  
  116  9:20  Probe x3  
  116  9:22  Assimilator  
  123  9:26  Assimilator  
  123  9:37  Sentry, Zealot  
  127  9:43  Void Ray (Chrono Boost)  
  127  9:45  Void Ray (Chrono Boost)  
  135  9:59  Pylon  
  139  10:09  Zealot x2  
Tags
 
Add a new tag
Caveats
  • Supply blocks, unpowered buildings, or Contaminate may cause inaccurate times.
  • Supply counts are checked every 10 seconds.